 Dungeon Crawl Stone Soup version 0.30-a0-595-g91969c0fa5 (webtiles) character file.

Game seed: 3064754092108635621

1950 wogdood the Covert (level 8, 0/94 HPs)
             Began as a Spriggan Artificer on Jan 5, 2023.
             Was an Initiate of Nemelex Xobeh.
             Succumbed to a water moccasin's poison
             ... on level 7 of the Dungeon on Jan 6, 2023.
             The game lasted 00:54:28 (5808 turns).

wogdood the Covert (Spriggan Artificer)             Turns: 5808, Time: 00:54:29

Health: 0/94       AC: 24    Str:  7 (8)  XL:     8   Next: 99%
Magic:  9/9        EV:  4    Int:  9 (12) God:    Nemelex Xobeh [......]
Gold:   324        SH:  0    Dex: 18 (19) Spells: 7/7 levels left

rFire   . . .      SeeInvis +    w - +5 short sword "Wootaps" {freeze, Dex+3}
rCold   . . .      Faith    .    (no shield)
rNeg    . . .      Spirit   .    (body armour currently unavailable)
rPois   +          Reflect  .    (helmet currently unavailable)
rElec   .          Harm     .    (cloak currently unavailable)
rCorr   .          Rampage  .    (gloves unavailable)
Will    +....      NoTele   +    (boots unavailable) Stlth
                                 (no amulet)
HPRegen 0.35/turn                (no ring)
MPRegen 0.11/turn                (no ring)

@: berserking, lethally poisoned (0 -> -2), tree-form, hasted, studying Staves,
very quick
A: stationary, stasis, torment immunity, boosted hp, very small, no large
weapons, unfitting armour, see invisible, (speed 3), clumsy 1, deterioration 1
a: Renounce Religion, Draw Escape, Draw Destruction, Draw Summoning


You were on level 7 of the Dungeon.
You worshipped Nemelex Xobeh.
Nemelex Xobeh was noncommittal.
You were a tree.
You visited 2 branches of the dungeon, and saw 8 of its levels.

You collected 324 gold pieces.

Inventory:

Hand Weapons
 a - a +0 club
 g - a +0 falchion
 i - a +0 hand axe
 k - a +0 dagger
 l - a +0 dagger
 o - the +4 mace of Jillemism {drain, Fly Will+ MP-9 Stlth+}
   (You found it on level 2 of the Dungeon)

   MP:        It affects your magic capacity (-9).
   Fly:       It grants you flight.
   Will:      It increases your willpower.
   Stlth:     It makes you more stealthy.
 s - a +0 short sword
 w - the +5 short sword "Wootaps" (weapon) {freeze, Dex+3}
   (You found it on level 3 of the Dungeon)

   Dex:       It affects your dexterity (+3).
 M - a +1 dagger of venom
Missiles
 f - 3 curare-tipped darts
 m - 13 poisoned darts (quivered)
 A - 6 boomerangs
 G - 3 boomerangs of dispersal
Armour
 b - a +0 robe (melded)
 n - a +0 robe
 v - a +0 cloak (melded)
 C - a +0 cloak
Magical Staves
 x - a staff of earth
Wands
 d - a wand of charming (4)
 e - a wand of roots (14)
Scrolls
 c - a scroll of magic mapping {unknown}
 h - 3 scrolls of identify
 y - a scroll of silence {unknown}
 E - 3 scrolls of teleportation
 H - a scroll of amnesia {unknown}
 I - a scroll of fog {unknown}
 J - a scroll of enchant weapon
 K - 2 scrolls of poison {unknown}
 L - a scroll of fear {unknown}
 N - a scroll of enchant armour {unknown}
Potions
 j - a potion of lignification
 p - a potion of curing {unknown}
 q - a potion of haste
 r - a potion of attraction {unknown}
 t - 2 potions of degeneration
 u - a potion of berserk rage
 z - a potion of cancellation {unknown}
 B - a potion of mutation
 F - a potion of flight {unknown}


   Skills:
 * Level 4.2 Fighting
 + Level 5.1 Short Blades
 - Level 0.3 Maces & Flails
 + Level 1.8 Throwing
 + Level 5.8 Dodging
 + Level 9.1 Stealth
 * Level 8.5 Evocations


You had 7 spell levels left.
You didn't know any spells.
Your spell library contained the following spells:

 Spells                   Type           Power      Damage    Failure   Level
 Apportation              Tloc           0%         N/A       38%         1
 Magic Dart               Conj           0%         1d3       38%         1
 Call Imp                 Summ           0%         N/A       52%         2
 Mephitic Cloud           Conj/Pois/Air  0%         N/A       77%         3
 Alistair's Intoxication  Tmut/Pois      0%         N/A       100%        5
 Summon Forest            Summ/Tloc      0%         N/A       100%        5
 Summon Mana Viper        Hex/Summ       0%         N/A       100%        5
 Summon Cactus Giant      Summ           0%         N/A       100%        6


Dungeon Overview and Level Annotations

Branches:
Dungeon (7/15)             Temple (1/1) D:5

Altars:
Ashenzari
Cheibriados
Dithmenos
Elyvilon
Fedhas
Hepliaklqana
Kikubaaqudgha
Makhleb
Nemelex Xobeh
Qazlal
Ru
Sif Muna
Trog
Uskayaw
Vehumet
Wu Jian
Xom
Yredelemnul

Annotations:
D:6 3 runed translucent doors, ma3's ghost, novice DjHs


Innate Abilities, Weirdness & Mutations

You are a tree.
Your roots penetrate the ground, keeping you stationary.
You cannot be teleported.
You are immune to unholy pain and torment.
Your maximum health is greatly increased.
Your equipment is partially melded.
You are very small and have problems with some larger weapons.
You are too small for most types of armour.
You have supernaturally acute eyesight. (SInv)
((You cover ground extremely quickly. (Speed+++)))
You are clumsy. (Dex -2)
Your body sometimes deteriorates upon taking damage.


Message History

You feel very sick. The water moccasin bites you.
The water moccasin misses you.
You feel yourself speed up.
You feel sick. The kobold completely misses you.
The kobold brigand closely misses you. The water moccasin bites you!
* * * LOW HITPOINT WARNING * * *
Really quaff the potion of lignification?
You turn into a tree.
Your +0 cloak melds into your body.
Your +0 robe melds into your body.
Your roots penetrate the ground.
You feel sick. The kobold hits you but does no damage.
The kobold brigand hits you but does no damage.
The water moccasin bites you but does no damage.
Okay, then.
It was a potion of degeneration.
There was something very wrong with that liquid.
You feel weakened.
You feel dopey.
You feel clumsy.
You feel sick. The water moccasin bites you.
* * * LOW HITPOINT WARNING * * *
The kobold brigand hits you but does no damage.
The kobold hits you but does no damage.
It was a potion of mutation.
You feel extremely strange.
You feel clumsy.
You feel yourself wasting away.
* * * LOW HITPOINT WARNING * * *
You feel sick.
The water moccasin bites you but does no damage.
It was a potion of berserk rage.
A red film seems to cover your vision as you go berserk!
You feel yourself moving faster!
You feel mighty!
* * * LOW HITPOINT WARNING * * *
You feel sick. The kobold completely misses you.
The kobold brigand hits you but does no damage.
The water moccasin bites you but does no damage.
You puncture the kobold brigand! You freeze the kobold brigand.
The kobold brigand is heavily wounded.
The water moccasin bites you but does no damage.
The kobold hits you but does no damage.
The kobold brigand hits you but does no damage.
You hit the kobold brigand. You freeze the kobold brigand.
The kobold brigand is severely wounded.
You die...
Your body disappears without a glow.

#...## #.#.#.#.
##############....#.#.y.
........##.....# ##.#..S
###....#######..##.~
##.K...K.........)†.~
#..####.#####....##..
###<###S.)....<.######.
##...KK♣K#####...# ##
#.....#### #.#.K(.
#...#### ...##### ....##
..## ...## .... .. ... #
...


You could see a water moccasin, a kobold brigand and 2 kobolds.

Vanquished Creatures
  Pikel (D:5)
  Sigmund (D:2)
  A black bear (D:4)
  An ice beast (D:5)
  An ogre (D:6)
  A phantom (D:5)
  A lemure (D:5)
  A bullfrog (D:7)
  9 killer bees
  A howler monkey (D:5)
  A jelly (D:6)
  3 hounds
  3 iguanas
  Ijyb (D:5)
  2 orc wizards
  4 gnolls
  6 adders
  A shadow imp (D:5)
  2 worms
  2 dart slugs
  15 orcs
  6 ball pythons
  6 endoplasms
  A giant cockroach (D:1)
  6 goblins
  5 hobgoblins
  4 jackals
  4 kobolds
  3 quokkas
  7 bats
  A frilled lizard (D:1)
  9 rats
110 creatures vanquished.

Vanquished Creatures (collateral kills)
  An orc wizard (D:5)
  A gnoll (D:2)
  3 orcs (D:5)
  A rat (D:1)
6 creatures vanquished.

Vanquished Creatures (others)
  An orc wizard (D:5)
  A gnoll (D:2)
  2 orcs (D:5)
  A kobold (D:7)
5 creatures vanquished.

Grand Total: 121 creatures vanquished

Notes
Turn   | Place    | Note
-------+----------+-------------------------------------------
     0 | D:1      | wogdood the Spriggan Artificer began the quest for the Orb.
     0 | D:1      | Reached XP level 1. HP: 9/9 MP: 2/2
   279 | D:1      | Reached XP level 2. HP: 14/14 MP: 3/3
   728 | D:1      | Reached skill level 2 in Stealth
   849 | D:1      | Found a faded altar of an unknown god.
   861 | D:1      | Reached skill level 1 in Fighting
  1156 | D:2      | Reached XP level 3. HP: 9/18 MP: 4/4
  1295 | D:2      | Found a basalt altar of Yredelemnul.
  1330 | D:2      | Noticed Sigmund
  1335 | D:2      | Killed Sigmund
  1336 | D:2      | Reached skill level 1 in Short Blades
  1336 | D:2      | Reached skill level 3 in Stealth
  1336 | D:2      | Reached skill level 5 in Evocations
  1336 | D:2      | Reached XP level 4. HP: 17/23 MP: 5/5
  1336 | D:2      | Reached XP level 5. HP: 19/26 MP: 6/6
  1533 | D:2      | Reached skill level 4 in Stealth
  1750 | D:2      | Identified the +4 mace of Jillemism {drain, Fly Will+ MP-9
                  | Stlth+}
  2304 | D:3      | Found a shimmering altar of Xom.
  2409 | D:3      | Identified the +5 short sword "Wootaps" {freeze, Dex+3}
  2878 | D:4      | Reached XP level 6. HP: 32/32 MP: 7/7
  2940 | D:5      | Entered Level 5 of the Dungeon
  2976 | D:5      | Noticed an ice beast
  2986 | D:5      | Noticed Pikel
  3161 | D:5      | Reached skill level 5 in Stealth
  3180 | D:5      | Noticed Ijyb
  3193 | D:5      | Killed Ijyb
  3196 | D:5      | Killed Pikel
  3197 | D:5      | Reached skill level 5 in Dodging
  3197 | D:5      | Reached skill level 7 in Stealth
  3197 | D:5      | Reached XP level 7. HP: 20/36 MP: 8/8
  3272 | D:5      | Upgraded the game from 0.30-a0-591-g3c58d2bc28 to
                  | 0.30-a0-595-g91969c0fa5
  3748 | D:4      | Reached XP level 8. HP: 23/40 MP: 9/9
  4248 | D:5      | Reached skill level 8 in Stealth
  4591 | D:5      | Found a staircase to the Ecumenical Temple.
  4595 | Temple   | Entered the Ecumenical Temple
  4665 | Temple   | Became a worshipper of Nemelex Xobeh the Trickster
  5238 | D:6      | Reached skill level 1 in Throwing
  5360 | D:6      | Found a runed translucent gate.
  5361 | D:6      | Found a runed translucent gate.
  5366 | D:6      | Found a runed translucent gate.
  5396 | D:6      | Noticed a kobold demonologist
  5396 | D:6      | Noticed ma3's ghost (novice DjHs)
  5431 | D:7      | Reached skill level 9 in Stealth
  5439 | D:7      | Reached skill level 5 in Short Blades
  5593 | D:6      | Found a sacrificial altar of Ru.
  5804 | D:7      | HP: 2/63 [water moccasin (4)]
  5805 | D:7      | Gained mutation: You are clumsy. (Dex -2) [potion of
                  | mutation]
  5805 | D:7      | Gained mutation: Your body sometimes deteriorates upon
                  | taking damage. [potion of mutation]
  5808 | D:7      | Succumbed to a water moccasin's poison

Illustrated notes

Levels and vault maps discovered:
D:1:      minmay_arrival_four_houses, layout_loops_ring, basic_ecumenical_altar,
          minmay_hedge_maze, minmay_misc_feat_tower
D:2:      layout_loops_ring, basic_altar, uniq_sigmund
D:3:      layout_loops_ring, mainiacjoe_overflow_24_doors, hangedman_decor_push
D:4:      layout_cave_pods, kennysheep_small_circle
D:5:      layout_rooms, temple_hall_moat, minmay_manual_mess, uniq_pikel,
          uniq_ijyb
D:6:      layout_loops_corners, nicolae_ru_great_annihilating_truth,
          gammafunk_ghost_nasty_kobolds
D:7:      layout_rooms, gammafunk_temple_overflow_claw, moated_statue,
          uniq_joseph
Temple:   lightli_temple_of_artemis

Skill      XL: |  1  2  3  4  5  6  7  8 |
---------------+-------------------------+-----
Stealth        | 2 3 4 7 9 |  9.1
Fighting       | 1 2 3 4 |  4.2
Short Blades   | 1 3 5 |  5.1
Dodging        | 4 5 |  5.8
Evocations     | 5 6 7 8 |  8.5
Throwing       | 1 |  1.8
Maces & Flails | |  0.3

Action                   |  1- 3 |  4- 6 |  7- 9 || total
-------------------------+-------+-------+-------++-------
Melee: Club              |   133 |       |       ||   133
       Punch             |     1 |     2 |       ||     3
       Dagger            |    33 |    79 |     2 ||   114
       Short sword       |       |    39 |   150 ||   189
       Staff             |       |       |     1 ||     1
Throw: Dart              |       |       |    21 ||    21
       Boomerang         |       |       |     4 ||     4
Evoke: Wand              |     8 |    16 |     9 ||    33
  Use: Scroll            |       |     2 |     3 ||     5
       Potion            |       |     2 |     7 ||     9
 Stab: Sleeping          |     5 |     8 |     4 ||    17
       Distracted        |     1 |     1 |       ||     2
       Confused          |       |     1 |       ||     1
Armor: Robe              |    17 |     7 |     7 ||    31
       Skin              |       |     1 |    13 ||    14
Dodge: Dodged            |   172 |    80 |   113 ||   365

Table legend: (Time is in decaauts)
 A = Elapsed time spent in this place.
 B = Non-inter-level travel time spent in this place.
 C = Inter-level travel time spent in this place.
 D = Time resting spent in this place.
 E = Time spent auto-exploring this place.
 F = Levels seen in this place.
 G = Mean time per level.
                   A        B        C        D        E       F      G
               +--------+--------+--------+--------+--------+-----+--------+
         Total |   4129 |   4029 |    100 |    607 |   1756 |   8 |  516.1 |
       Dungeon |   4025 |   3930 |     95 |    607 |   1687 |   7 |  575.0 |
        Temple |    103 |     98 |      5 |      0 |     68 |   1 |  103.0 |
               +--------+--------+--------+--------+--------+-----+--------+

Top non-repeatable levels by time:
     D:1: 840 daAuts
     D:5: 802 daAuts
     D:2: 719 daAuts
     D:4: 700 daAuts
     D:3: 450 daAuts
     D:6: 435 daAuts
  Temple: 103 daAuts
     D:7: 76 daAuts
